 Dungeon Crawl Stone Soup version 0.21.1-1-g345015fe64 (webtiles) character file.

4328 Lothor the Severer (level 10, -2/118 HPs)
             Began as a Minotaur Fighter on Mar 20, 2018.
             Was a Priest of Trog.
             Slain by a hornet (9 damage)
             ... on level 8 of the Dungeon.
             The game lasted 00:36:31 (7805 turns).

Lothor the Severer (Minotaur Fighter)               Turns: 7805, Time: 00:36:32

Health: -2/118     AC: 25    Str: 24    XL:     10   Next: 12%
Magic:  9/9        EV:  2    Int:  5    God:    Trog [***...]
Gold:   413        SH:  9    Dex: 10    Spells: 9/9 levels left

rFire    . . .     SeeInvis .   H - -3 war axe (curse)
rCold    . . .     Gourm    .   c - +0 shield
rNeg     + + +     Faith    .   (armour currently unavailable)
rPois    +         Spirit   .   (helmet currently unavailable)
rElec    .         Reflect  .   (cloak currently unavailable)
rCorr    .         Harm     .   (gloves currently unavailable)
MR       .....     NoTele   +   (boots currently unavailable)
Stlth    +.........             (no amulet)
HPRegen  0.29/turn              y - -2 ring of evasion (curse)
MPRegen  0.11/turn              (no ring)

@: lethally poisoned (-2 -> -4), tree-form, slowed, very slow
A: (retaliatory headbutt)
a: Berserk, Trog's Hand, Burn Spellbooks, Renounce Religion


You were on level 8 of the Dungeon.
You worshipped Trog.
Trog was most pleased with you.
You were not hungry.
You were a tree.
You visited 1 branch of the dungeon, and saw 8 of its levels.

You collected 413 gold pieces.

Inventory:

Hand Weapons
 a - a +0 war axe
 g - a +2 antimagic short sword
 x - a +2 vampiric whip
 H - a cursed -3 war axe (weapon)
Missiles
 r - 131 stones (quivered)
Armour
 b - a +0 scale mail (melded)
 c - a +0 shield (worn)
 B - a +1 robe of cold resistance
Jewellery
 j - a cursed ring of loudness {unknown}
 y - a cursed -2 ring of evasion (left branch)
Wands
 i - a wand of flame (29)
Scrolls
 e - 3 scrolls of blinking
 k - 4 scrolls of teleportation
 l - 4 scrolls of remove curse {unknown}
 m - a scroll of enchant weapon {unknown}
 v - a scroll of amnesia {unknown}
 F - a scroll of fog {unknown}
Potions
 d - 5 potions of might
 h - a potion of lignification
 o - 3 potions of curing
 q - 2 potions of flight
 t - a potion of ambrosia
 z - a potion of degeneration
 E - a potion of agility {unknown}
Books
 s - a book of Minor Magic

   Spells                             Type                      Level
   a - Magic Dart                     Conjuration                  1
   b - Blink                          Translocation                2
   c - Call Imp                       Summoning                    2
   d - Slow                           Hexes                        2
   e - Conjure Flame                  Conjuration/Fire             3
   f - Mephitic Cloud                 Conjuration/Poison/Air       3
   Trog disapproves of the use of such an item.
 u - a book of Geomancy

   Spells                             Type                      Level
   a - Sandblast                      Earth                        1
   b - Passwall                       Transmutation/Earth          2
   c - Stone Arrow                    Conjuration/Earth            3
   d - Petrify                        Transmutation/Earth          4
   e - Lee's Rapid Deconstruction     Earth                        5
   Trog disapproves of the use of such an item.
Comestibles
 f - 13 rations


   Skills:
 * Level 4.2 Fighting
 - Level 1.4 Short Blades
 - Level 16.0 Axes
 + Level 4.1 Armour
 - Level 0.3 Dodging
 + Level 4.0 Shields
 - Level 1.4 Unarmed Combat


You had 9 spell levels left.
You didn't know any spells.

Dungeon Overview and Level Annotations

Branches:
Dungeon (8/15)             Temple (0/1) D:5
   Lair: D:8-11

Altars:
Ashenzari
Dithmenos
Elyvilon
Gozag
Makhleb
Okawaru
Qazlal
Ru
Sif Muna
Trog
Zin

Shops:
D:4 :


Innate Abilities, Weirdness & Mutations

((You reflexively headbutt those who attack you in melee.))
((You have a pair of horns on your head.))


Message History

You feel as though you will be slow longer.
You closely miss the hornet.
The hornet is almost dead.
You miss the hound.
You feel sick. The hound barely misses you. The hornet stings you.
* * * LOW HITPOINT WARNING * * *
You feel as though you will be slow longer.
You block the hound's attack.
You closely miss the hornet.
The hornet is almost dead.
You miss the hound.
You feel sick. You block the hornet's attack. The hound bites you.
* * * LOW HITPOINT WARNING * * *
The hornet barely misses you. You furiously retaliate!
You headbutt the hornet.
Unknown command.
It was a potion of lignification.
You turn into a tree.
Your +0 scale mail melds into your body.
Your roots penetrate the ground.
You feel sick. The hound bites you but does no damage. The hornet stings you!
You die...

##..## #....#
#%.... #.P%.#
##....?##+##
###.%...##h..#
........'.y♣.#
........'....#
........##...#
......%..##'##
.....P..##..#
.....%...#..#
####...%#####
##.... #....


You could see a hornet and a hound.

Vanquished Creatures
  The ghost of BrokenGlass the Sneak, a novice VSAs (D:5)
  A gargoyle (D:7)
  2 slime creatures (D:6)
  2 hippogriffs (D:7)
  2 sky beasts
  A phantom (D:7)
  2 eyes of draining (D:3)
  An ogre (D:6)
  2 ice beasts
  2 centaurs
  7 big kobolds
  3 bullfrogs (D:7)
  A scorpion (D:7)
  A howler monkey (D:7)
  A crimson imp (D:6)
  7 jellies
  A quasit (D:7)
  3 bullfrog zombies
  3 hounds
  8 orc priests
  5 orc wizards
  3 iguanas
  8 worker ants
  A killer bee zombie (D:6)
  A howler monkey zombie (D:5)
  A worker ant zombie (D:7)
  5 adders
  2 shadow imps
  3 oozes (D:6)
  An adder zombie (D:6)
  An adder skeleton (D:4)
  A dart slug (D:1)
  2 leopard geckos
  26 orcs
  A ball python (D:2)
  4 giant cockroaches
  4 goblins
  12 hobgoblins
  12 jackals
  4 quokkas
  A ball python skeleton (D:4)
  10 bats
  3 frilled lizards
  A jackal skeleton (D:4)
  8 kobolds
  A leopard gecko skeleton (D:5)
  10 rats
  2 fungi (D:6)
184 creatures vanquished.

Vanquished Creatures (others)
  9 toadstools (D:6)
9 creatures vanquished.

Grand Total: 193 creatures vanquished

Notes
Turn   | Place    | Note
-------+----------+-------------------------------------------
     0 | D:1      | Lothor the Minotaur Fighter began the quest for the Orb.
     0 | D:1      | Reached XP level 1. HP: 19/19 MP: 0/0
    92 | D:1      | Reached skill level 3 in Axes
   383 | D:1      | Reached XP level 2. HP: 19/26 MP: 1/1
   390 | D:1      | Found a shattered altar of Ashenzari.
   592 | D:1      | Reached skill level 4 in Axes
   793 | D:1      | Reached XP level 3. HP: 31/31 MP: 2/2
  1697 | D:2      | Reached skill level 5 in Axes
  1778 | D:2      | Reached XP level 4. HP: 34/39 MP: 3/3
  2172 | D:2      | Found an opulent altar of Gozag.
  2230 | D:3      | Noticed an eye of draining
  2245 | D:3      | Killed an eye of draining
  2245 | D:3      | Reached skill level 6 in Axes
  2245 | D:3      | Reached XP level 5. HP: 45/45 MP: 0/4
  2250 | D:3      | Noticed an eye of draining
  2251 | D:3      | Found a bloodstained altar of Trog.
  2260 | D:3      | Killed an eye of draining
  2260 | D:3      | Reached skill level 7 in Axes
  2273 | D:3      | Became a worshipper of Trog the Wrathful
  2336 | D:3      | Reached XP level 6. HP: 31/51 MP: 5/5
  2361 | D:3      | Reached skill level 8 in Axes
  2526 | D:3      | Found an iron altar of Okawaru.
  2530 | D:3      | Found a deep blue altar of Sif Muna.
  2555 | D:3      | Found a sacrificial altar of Ru.
  2555 | D:3      | Found a shattered altar of Ashenzari.
  2588 | D:3      | Found a shadowy altar of Dithmenos.
  2588 | D:3      | Found a glowing silver altar of Zin.
  2589 | D:3      | Found a white marble altar of Elyvilon.
  2899 | D:3      | You fall through a shaft for 2 floors!
  2899 | D:5      | Entered Level 5 of the Dungeon
  2932 | D:5      | Reached * piety under Trog
  3024 | D:5      | Noticed BrokenGlass's ghost (novice VSAs)
  3025 | D:5      | Reached skill level 9 in Axes
  3033 | D:5      | Killed BrokenGlass's ghost
  3033 | D:5      | Reached skill level 10 in Axes
  3033 | D:5      | Reached XP level 7. HP: 14/57 MP: 6/6
  3265 | D:5      | Found a staircase to the Ecumenical Temple.
  3405 | D:5      | Reached skill level 11 in Axes
  3551 | D:5      | Reached XP level 8. HP: 64/64 MP: 7/7
  4027 | D:4      | Found Reef's Book Emporium.
  4638 | D:6      | Got a steaming long sword
  4704 | D:6      | Reached skill level 12 in Axes
  4864 | D:6      | Reached skill level 13 in Axes
  5039 | D:6      | Noticed a slime creature
  5039 | D:6      | Noticed a slime creature
  5046 | D:6      | Reached ** piety under Trog
  5050 | D:6      | Reached XP level 9. HP: 50/70 MP: 8/8
  5207 | D:6      | Found a stormy altar of Qazlal.
  5257 | D:6      | Reached skill level 14 in Axes
  5972 | D:7      | Found a burning altar of Makhleb.
  5975 | D:7      | Noticed an Executioner
  6179 | D:7      | Reached skill level 15 in Axes
  6297 | D:7      | Reached *** piety under Trog
  7100 | D:7      | Reached skill level 16 in Axes
  7402 | D:7      | Noticed a gargoyle
  7410 | D:7      | Reached skill level 1 in Short Blades
  7410 | D:7      | Reached skill level 1 in Unarmed Combat
  7410 | D:7      | Reached XP level 10. HP: 34/77 MP: 9/9
  7418 | D:7      | Killed a gargoyle
  7805 | D:8      | Slain by a hornet

Skill      XL: |  1  2  3  4  5  6  7  8  9 10 |
---------------+-------------------------------+-----
Axes           | 3 4 5 6 7 10 11 13 16 | 16.0
Short Blades   | 1 |  1.4
Unarmed Combat | 1 |  1.4
Fighting       | 4 |  4.2
Armour         | 4 |  4.1
Shields        | 4 |  4.0
Dodging        | |  0.3

Action                   |  1- 3 |  4- 6 |  7- 9 | 10-12 || total
-------------------------+-------+-------+-------+-------++-------
Melee: War axe           |   137 |    78 |   344 |    19 ||   578
       Headbutt          |    13 |    12 |    46 |     3 ||    74
Throw: Stone             |       |       |     3 |       ||     3
Invok: Berserk           |       |       |     2 |       ||     2
       Trog's Hand       |       |       |     1 |       ||     1
  Use: Scroll            |       |       |     9 |       ||     9
       Potion            |       |       |     1 |     2 ||     3
  Eat: Chunk             |     3 |     4 |    13 |       ||    20
       Ration            |       |       |     1 |     1 ||     2
Armor: Scale mail        |    64 |    21 |   119 |     6 ||   210
       Skin              |       |       |       |     1 ||     1
Dodge: Dodged            |    45 |    19 |    53 |     5 ||   122
Block: Shield            |    72 |    27 |   134 |    12 ||   245
